 Dungeon Crawl Stone Soup version 0.30-a0-1160-g6e42c06551 (webtiles) character file.

Game seed: 15409237452784300743

1075 sircluck the Cleaver (level 8, 0/105 HPs)
             Began as a Hill Orc Fighter on Apr 25, 2023.
             Was an Initiate of Beogh.
             Slain by a killer bee (2 damage)
             ... on level 8 of the Dungeon.
             The game lasted 00:12:46 (4751 turns).

sircluck the Cleaver (Hill Orc Fighter)             Turns: 4751, Time: 00:12:46

Health: 0/105      AC:  7    Str: 24    XL:     8   Next: 29%
Magic:  0/8        EV: 11    Int:  8    God:    Beogh [......]
Gold:   332        SH:  4    Dex: 10    Spells: 7/7 levels left

rFire   . . .        a - +0 war axe (venom)
rCold   . . .        c - +0 buckler
rNeg    . . .        v - +1 leather armour of Lust {rElec rPois rC- Str+3}
rPois   +            (helmet restricted)
rElec   +            (no cloak)
rCorr   .            h - +0 pair of gloves
SInv    .            x - +0 pair of boots
Will    +....        B - amulet of guardian spirit Stlth
                     i - ring of protection from cold
HPRegen 0.37/turn    (no ring)
MPRegen 0.11/turn

%: clarity, guardian spirit
@: berserking (expiring), silenced, very quick
A: horns 1, clarity, strong-willed 1
a: Renounce Religion


You were on level 8 of the Dungeon.
You worshipped Beogh.
Beogh was noncommittal.
You visited 1 branch of the dungeon, and saw 6 of its levels.

You collected 332 gold pieces.

Inventory:

Hand Weapons
 a - a +0 war axe of venom (weapon)
Missiles
 g - 69 stones
 w - 4 poisoned darts
 y - a boomerang
 D - a throwing net
Armour
 b - a +0 scale mail
 c - a +0 buckler (worn)
 h - a +0 pair of gloves (worn)
 k - a +1 helmet
 o - a +1 robe of the Archmagi
 q - a +0 pair of boots
 v - the +1 leather armour of Lust (worn) {rElec rPois rC- Str+3}
   (You found it on level 3 of the Dungeon)

   Str:       It affects your strength (+3).
   rC:        It makes you vulnerable to cold.
   rElec:     It insulates you from electricity.
   rPois:     It protects you from poison.
 x - a +0 pair of boots (worn)
Jewellery
 i - a ring of protection from cold (left hand)
 s - an amulet of magic regeneration
 u - a ring of protection from fire
 A - an amulet of faith
 B - an amulet of guardian spirit (around neck)
Scrolls
 f - a scroll of brand weapon
 l - 4 scrolls of identify
 n - a scroll of magic mapping
 t - a scroll of noise
Potions
 d - 2 potions of might
 j - a potion of attraction
 r - a potion of invisibility
 C - a potion of haste {unknown}
 E - a potion of heal wounds {unknown}


   Skills:
 + Level 5.9 Fighting
 + Level 9.0 Axes
 + Level 4.8 Armour
 + Level 2.3 Dodging
 + Level 0.9 Stealth
 + Level 4.4 Shields


You had 7 spell levels left.
You didn't know any spells.
Your spell library contained the following spells:

 Spells                   Type           Power      Damage    Failure   Level
 Apportation              Tloc           0%         N/A       52%         1
 Ignite Poison            Fire/Tmut/Pois 0%         N/A       87%         3
 Sticky Flame             Conj/Fire      0%         2d3       99%         4
 Alistair's Intoxication  Tmut/Pois      0%         N/A       100%        5
 Ignition                 Fire           0%         3d3       100%        8


Dungeon Overview and Level Annotations

Branches:
Dungeon (5/15)
 Temple: D:4-7

Altars:
Fedhas
Sif Muna
Wu Jian
Yredelemnul
Zin


Innate Abilities, Weirdness & Mutations

You have a pair of small horns on your head.
You possess an exceptional clarity of mind.
You are strong-willed. (Will+)


Message History

The killer bee stings you but does no damage. x2
You miss the killer bee. Your headbutt misses the killer bee.
The killer bee is moderately wounded.
The killer bee stings you.
* * * LOW HITPOINT WARNING * * *
The killer bee stings you!
* * * LOW HITPOINT WARNING * * *
A red film seems to cover your vision as you go berserk!
You feel yourself moving faster!
You feel mighty! The killer bee stings you.
* * * LOW HITPOINT WARNING * * *
The killer bee closely misses you.
You closely miss the killer bee. Your headbutt misses the killer bee.
The killer bee is severely wounded.
You kill the killer bee!
Beogh accepts your kill.
Your Axes skill increases to level 9!
You closely miss the killer bee.
The killer bee stings you but does no damage.
You block the killer bee's attack.
You completely miss the killer bee. Your headbutt misses the killer bee.
The killer bee closely misses you.
You barely miss the killer bee.
The killer bee stings you but does no damage.
The killer bee closely misses you.
You barely miss the killer bee.
The killer bee stings you but does no damage.
You barely miss the killer bee. The killer bee stings you.
* * * LOW HITPOINT WARNING * * *
The killer bee stings you.
* * * LOW HITPOINT WARNING * * *
Things that are here:
a +0 dagger; a +0 robe; a scroll of identify You miss the killer bee.
Your headbutt misses the killer bee.
The killer bee stings you but does no damage.
The killer bee barely misses you.
You feel a genetic drift.
You feel strong-willed.
You no longer feel a hidden potential within.
You barely miss the killer bee. You block the killer bee's attack.
The killer bee stings you.
You die...

##############
........)yyy.#
.###########@#
##)######
#.........
#...########
#...### #.o##
#' #


You could see 3 killer bees.

Vanquished Creatures
  An ice beast (D:5)
  A black bear (D:5)
  An ogre (D:5)
  2 phantoms
  A centaur (D:8)
  A wight (D:8)
  A killer bee (D:8)
  2 hounds (D:5)
  Jessica (D:2)
  Natasha (thrice) (D:2)
  An iguana (D:5)
  4 orc wizards
  Robin (D:2)
  7 adders
  A gnoll (D:3)
  3 dart slugs
  18 orcs
  6 bats
  4 endoplasms
  5 giant cockroaches
  15 goblins
  9 hobgoblins
  3 jackals (D:1)
  6 quokkas
  2 ball pythons (D:1)
  6 frilled lizards
  11 kobolds
  3 rats
119 creatures vanquished.

Vanquished Creatures (others)
  An orc priest (D:8)
  An orc (D:8)
2 creatures vanquished.

Grand Total: 121 creatures vanquished

Notes
Turn   | Place    | Note
-------+----------+-------------------------------------------
     0 | D:1      | sircluck the Hill Orc Fighter began the quest for the Orb.
     0 | D:1      | Reached XP level 1. HP: 19/19 MP: 1/1
   143 | D:1      | Reached XP level 2. HP: 25/27 MP: 2/2
   255 | D:1      | Reached skill level 3 in Axes
   419 | D:1      | Reached XP level 3. HP: 33/33 MP: 3/3
  1081 | D:2      | Noticed Robin
  1108 | D:2      | Killed Robin
  1109 | D:2      | Reached XP level 4. HP: 26/40 MP: 4/4
  1206 | D:2      | Found an ornate altar of the Wu Jian Council.
  1257 | D:2      | Noticed Natasha
  1273 | D:2      | Killed Natasha
  1424 | D:2      | Noticed Jessica
  1425 | D:2      | Killed Jessica
  1426 | D:2      | Reached skill level 4 in Axes
  1426 | D:2      | Reached XP level 5. HP: 46/46 MP: 5/5
  1474 | D:2      | Noticed Natasha
  1486 | D:2      | HP: 2/46 [Natasha (3)]
  1488 | D:2      | Killed Natasha
  1489 | D:2      | Reached skill level 1 in Dodging
  1669 | D:2      | Noticed Natasha
  1674 | D:2      | Killed Natasha
  1675 | D:2      | Reached skill level 5 in Axes
  2813 | D:3      | Found a basalt altar of Yredelemnul.
  2877 | D:3      | Reached XP level 6. HP: 44/53 MP: 6/6
  3183 | D:3      | Identified the +1 leather armour of Lust {rElec rPois rC-
                  | Str+3}
  3253 | D:4      | Found a blossoming altar of Fedhas.
  3293 | D:4      | Reached skill level 6 in Axes
  3504 | D:4      | Found a shimmering blue altar of Sif Muna.
  3665 | D:4      | Found a glowing silver altar of Zin.
  3860 | D:4      | Gained mutation: You have a pair of small horns on your
                  | head. [potion of mutation]
  3860 | D:4      | Gained mutation: You have hidden genetic potential. [potion
                  | of mutation]
  4039 | D:5      | Entered Level 5 of the Dungeon
  4059 | D:5      | Reached XP level 7. HP: 53/60 MP: 5/7
  4060 | D:5      | Reached skill level 7 in Axes
  4124 | D:5      | Reached skill level 5 in Fighting
  4281 | D:5      | Gained mutation: You possess an exceptional clarity of
                  | mind. [hidden potential]
  4320 | D:5      | Reached skill level 8 in Axes
  4512 | D:5      | Reached XP level 8. HP: 62/69 MP: 8/8
  4659 | D:5      | You fall into a shaft and drop 3 floors!
  4709 | D:8      | Noticed a yak
  4711 | D:8      | Noticed a yak
  4714 | D:8      | Noticed a yak
  4732 | D:8      | Became a worshipper of Beogh the Brigand
  4741 | D:8      | HP: 5/105 [killer bee (4)]
  4743 | D:8      | Reached skill level 9 in Axes
  4747 | D:8      | HP: 5/105 [killer bee (2)]
  4747 | D:8      | HP: 1/105 [killer bee (4)]
  4749 | D:8      | Gained mutation: You are strong-willed. (Will+) [hidden
                  | potential]
  4749 | D:8      | Lost mutation: You have hidden genetic potential. [hidden
                  | potential expressed]
  4751 | D:8      | Slain by a killer bee

Illustrated notes

Levels and vault maps discovered:
D:1:      lordsloth_arrival_two_stooges, layout_basic, minmay_close_crescents
D:2:      layout_basic, basic_altar, uniq_robin, uniq_natasha, uniq_jessica
D:3:      corexii_shack_village, layout_basic, lemuel_tele_altar,
          grunt_ministairs_13, kennysheep_generic_room_6
D:4:      layout_basic, mainiacjoe_overflow_paths, zin_treasury,
          lemuel_coloured_pillars_altar
D:5:      layout_rooms, kennysheep_generic_room_3
D:8:      minmay_four_partial_circles, layout_loops_ring,
          nicolae_wu_jian_glorious_leap, mainiacjoe_overflow_cross_hatched

Skill      XL: |  1  2  3  4  5  6  7  8 |
---------------+-------------------------+-----
Axes           | 3 4 5 6 8 9 |  9.0
Fighting       | 4 5 |  5.9
Armour         | 4 |  4.8
Dodging        | 1 2 |  2.3
Shields        | 4 |  4.4
Stealth        | |  0.9

Action                     |  1- 3 |  4- 6 |  7- 9 || total
---------------------------+-------+-------+-------++-------
  Melee: War axe           |    99 |   169 |    59 ||   327
         Headbutt          |       |     1 |     7 ||     8
 Invoke: Convert to Beogh  |       |       |     1 ||     1
    Use: Scroll            |       |     7 |     2 ||     9
         Potion            |       |     7 |     2 ||     9
 Armour: Scale mail        |    51 |    40 |       ||    91
         Leather armour    |       |    33 |    21 ||    54
  Dodge: Dodged            |    52 |    78 |    32 ||   162
  Block: Buckler           |    20 |    29 |    11 ||    60

Table legend: (Time is in decaauts)
 A = Elapsed time spent in this place.
 B = Non-inter-level travel time spent in this place.
 C = Inter-level travel time spent in this place.
 D = Time resting spent in this place.
 E = Time spent auto-exploring this place.
 F = Levels seen in this place.
 G = Mean time per level.
                   A        B        C        D        E       F      G
               +--------+--------+--------+--------+--------+-----+--------+
         Total |   4851 |   4522 |    329 |    321 |   2973 |   6 |  808.5 |
       Dungeon |   4851 |   4522 |    329 |    321 |   2973 |   6 |  808.5 |
               +--------+--------+--------+--------+--------+-----+--------+

Top non-repeatable levels by time:
     D:2: 1245 daAuts
     D:3: 1050 daAuts
     D:1: 989 daAuts
     D:4: 848 daAuts
     D:5: 626 daAuts
     D:8: 91 daAuts
